 Dungeon Sprint DCSS version 0.30-a0-793-g160f7cfddd (webtiles) character file.

Game seed: 16976781623332218233

175 octoduck the Destroyer (level 5, -3/38 HPs)
             Began as a Draconian Conjurer on Feb 20, 2023.
             Was a Priest of Vehumet.
             Killed by divine providence
             ... invoked by an orc priest
              (17 damage)
             ... in the Dungeon (Sprint VII: "The Pits").
             The game lasted 00:03:23 (424 turns).

octoduck the Destroyer (Draconian Conjurer)          Turns: 424, Time: 00:03:23

Health: -3/38      AC:  5    Str: 10    XL:     5   Next: 29%
Magic:  1/8        EV: 12    Int: 18    God:    Vehumet [***...]
Gold:   0          SH:  0    Dex: 11    Spells: 1/8 levels left

rFire   . . .      SeeInvis .    g - +2 dagger
rCold   . . .      Faith    .    (no shield)
rNeg    . . .      Spirit   .    (body armour unavailable)
rPois   .          Reflect  .    (helmet restricted)
rElec   .          Harm     .    (no cloak)
rCorr   .          Rampage  .    (no gloves)
Will    .....      NoTele   +    (no boots)
Stlth   ++                       (no amulet)
HPRegen 0.26/turn                (no ring)
MPRegen 0.11/turn                (no ring)

@: no status effects
A: AC +5, unfitting armour, cold-blooded
a: Renounce Religion


You were in the Dungeon.
You worshipped Vehumet.
Vehumet was most pleased with you.
You visited 1 branch

Inventory:

Hand Weapons
 g - a +2 dagger (weapon)
Scrolls
 f - a scroll of blinking
 i - 5 scrolls of amnesia
 j - a scroll of summoning
Potions
 a - 5 potions of magic
 b - a potion of curing
 c - a potion of heal wounds
 d - a potion of haste
 e - 3 potions of berserk rage
 h - 2 potions of invisibility


   Skills:
 - Level 1.7 Dodging
 - Level 1.7 Stealth
 - Level 2.0 Spellcasting
 + Level 10.7 Conjurations
 * Level 4.3 Translocations


You had one spell level left.
You knew the following spells:

 Your Spells              Type           Power      Damage    Failure   Level
a - Magic Dart            Conj           100%       1d8       1%          1
b - Searing Ray           Conj           80%        2d7       1%          2
c - Iskenderun's Mystic   Conj/Tloc      28%        2d7       2%          4

Your spell library contained the following spells:

 Spells                   Type           Power      Damage    Failure   Level
 Momentum Strike          Conj/Tloc      56%        3d9       1%          2
 Dazzling Flash           Conj/Hex       42%        N/A       1%          3
 Fulminant Prism          Conj/Hex       10%        3d9       5%          4


Dungeon Overview and Level Annotations

Branches:
Dungeon (1/1)

Altars:
Ashenzari
Cheibriados
Dithmenos
Elyvilon
Fedhas
Gozag
Hepliaklqana
Kikubaaqudgha
Makhleb
Nemelex Xobeh
Okawaru
Qazlal
Ru
Sif Muna
Trog
Uskayaw
Vehumet
Wu Jian
Xom
Yredelemnul
Zin
The Shining One
Jiyva
Lugonu


Innate Abilities, Weirdness & Mutations

Your plain brown scales are hard. (AC +5)
You cannot fit into any form of body armour.
You are cold-blooded and may be slowed by cold attacks.


Message History

Vehumet accepts your kill. (Press . to maintain the ray.) Without enough magic to sustain it, your searing ray dissipates.
The orc wizard gestures at you while chanting.
The puff of flame hits you.
An orc priest and an iguana come into view.
The iguana hisses angrily.
The orc wizard points at you and mumbles some strange words.
The puff of flame hits you!
The orc priest looks encouraged for a moment.
There is an open door here.
You hit the orc wizard.
You kill the orc wizard!
Vehumet accepts your kill.
An iron imp comes into view.
The iguana bites you but does no damage.
Your Translocations skill increases to level 4!
The giant cockroach attacks as you move away!
The giant cockroach bites you.
The giant cockroach attacks as you move away!
The giant cockroach closely misses you.
The giant cockroach attacks as you move away!
The giant cockroach barely misses you.
The giant cockroach bites you but does no damage.
You barely miss the giant cockroach.
The orc priest calls down the wrath of Beogh upon you.
Beogh smites you! The giant cockroach closely misses you.
Casting: Searing Ray (safe; 1% risk of failure)
Confirm with . or Enter, or press ? or * to list all spells.
Okay, then.
Okay, then.
Okay, then.
The giant cockroach attacks as you move away!
The giant cockroach misses you.
The giant cockroach attacks as you move away!
The giant cockroach bites you but does no damage.
The giant cockroach bites you.
The orc priest mumbles some strange prayers to Beogh against you.
Beogh smites you!
You die...

#_________.#
#_________.#
#_______...#######
##########'##.....
#.?(.')))'.##.....
##########.##.....
#..........)'รท....
#'#####'#####.....
#@#...#.# #.....
#.#...#.# ####'#
#B#...'.# #.....
#.##'#### #.....
#l#....l# #.....
#.#.....# #...<.
#o#......h #.....
#.#........##.....
#'###########.....


You could see an iguana, an orc priest and a giant cockroach.

Vanquished Creatures
  A floating eye (D)
  An orc priest (D)
  An orc wizard (D)
  A gnoll (D)
  2 orcs (D)
  A giant cockroach (D)
  2 jackals (D)
  3 frilled lizards (D)
  A giant cockroach zombie (D)
  A rat (D)
14 creatures vanquished.

Notes
Turn   | Place    | Note
-------+----------+-------------------------------------------
     0 | D        | octoduck the Draconian Conjurer began the quest for the
                  | Orb.
     0 | D        | Reached XP level 1. HP: 14/14 MP: 3/3
    70 | D        | Found a glowing golden altar of the Shining One.
    70 | D        | Found a glowing silver altar of Zin.
    70 | D        | Found a basalt altar of Yredelemnul.
    70 | D        | Found a shimmering altar of Xom.
    70 | D        | Found an ornate altar of the Wu Jian Council.
    70 | D        | Found a bloodstained altar of Trog.
    70 | D        | Found a shimmering blue altar of Sif Muna.
    70 | D        | Found a sacrificial altar of Ru.
    70 | D        | Found a stormy altar of Qazlal.
    70 | D        | Found an iron altar of Okawaru.
    70 | D        | Found a sparkling altar of Nemelex Xobeh.
    70 | D        | Found a burning altar of Makhleb.
    70 | D        | Found a viscous altar of Jiyva.
    70 | D        | Found a hazy altar of Hepliaklqana.
    70 | D        | Found an opulent altar of Gozag.
    70 | D        | Found a blossoming altar of Fedhas.
    70 | D        | Found a white marble altar of Elyvilon.
    70 | D        | Found a shadowy altar of Dithmenos.
    70 | D        | Found a snail-covered altar of Cheibriados.
    71 | D        | Found a radiant altar of Vehumet.
    71 | D        | Found a corrupted altar of Lugonu.
    72 | D        | Found a hide-covered altar of Uskayaw.
    72 | D        | Found an ancient bone altar of Kikubaaqudgha.
    72 | D        | Found a broken altar of Ashenzari.
    79 | D        | Became a worshipper of Vehumet
   112 | D        | Reached skill level 5 in Conjurations
   112 | D        | Reached XP level 2. HP: 16/20 MP: 0/5
   114 | D        | Reached skill level 6 in Conjurations
   170 | D        | Learned a level 2 spell: Searing Ray
   171 | D        | Noticed a floating eye
   173 | D        | Reached * piety under Vehumet
   173 | D        | Offered knowledge of Shock by Vehumet.
   174 | D        | Killed a floating eye
   175 | D        | Reached skill level 10 in Conjurations
   175 | D        | Reached XP level 3. HP: 26/26 MP: 2/6
   175 | D        | Reached XP level 4. HP: 33/33 MP: 2/7
   228 | D        | Learned a level 4 spell: Iskenderun's Mystic Blast
   235 | D        | Reached ** piety under Vehumet
   259 | D        | Noticed a black bear
   369 | D        | Offered knowledge of Momentum Strike by Vehumet.
   409 | D        | Reached *** piety under Vehumet
   410 | D        | Reached XP level 5. HP: 38/38 MP: 3/8
   424 | D        | Killed from afar by an orc priest

Illustrated notes

Levels and vault maps discovered:
D:        pitsprint [storerooms_1, entrance_room_1, metal_vault_2, armoury_1,
          mini_pit_1, grid_room_1, main_hall_1, silver_pit, the_coven_3,
          the_vestibule_1, steel_vault_2, golden_pit, hallway_of_sentries,
          crystal_vault_3, iron_vault_4, final_vault]

Skill      XL: |  1  2  3  4  5 |
---------------+----------------+-----
Conjurations   | 5 10 | 10.7
Translocations | 3 4 |  4.3
Dodging        | |  1.7
Stealth        | |  1.7
Spellcasting   | |  2.0

Action                     |  1- 3 |  4- 6 || total
---------------------------+-------+-------++-------
  Melee: Dagger            |     7 |     3 ||    10
         Tailslap          |     2 |       ||     2
   Cast: Magic Dart        |     5 |     3 ||     8
         Searing Ray       |     1 |     3 ||     4
 Armour: Skin              |     4 |     3 ||     7
  Dodge: Dodged            |     4 |     4 ||     8

Table legend: (Time is in decaauts)
 A = Elapsed time spent in this place.
 B = Non-inter-level travel time spent in this place.
 C = Inter-level travel time spent in this place.
 D = Time resting spent in this place.
 E = Time spent auto-exploring this place.
 F = Levels seen in this place.
 G = Mean time per level.
                   A        B        C        D        E       F      G
               +--------+--------+--------+--------+--------+-----+--------+
         Total |    423 |    423 |      0 |    236 |      0 |   1 |  423.0 |
       Dungeon |    423 |    423 |      0 |    236 |      0 |   1 |  423.0 |
               +--------+--------+--------+--------+--------+-----+--------+

Top non-repeatable levels by time:
       D: 423 daAuts
